AoeStats
← Bongflüsterer

Arena

509334731Analyzed
2v2 RM · 7d ago on Sep 26, 2026· 41m 1s· 4 players
Game mode
Random Map
Map size
Medium (4 player)
Population
200
Speed
Normal
Resources
Standard
Victory
Conquest
Starting age
Dark Age
Ending age
Imperial Age
RankedLock teamsTeams togetherTeam positionsShared explorationLock speedFull tech treeHidden civsTurbo modeCheats
Victory
Defeat
🇨🇳 Chinese · China
685
+15
🇵🇪 Britons · Peru
648
+16
🇩🇪 Hindustanis · Germany
674
-16
🇩🇪 Maya · Germany
644
-15
Bongflüsterer
0:38 Loom
14:07 Feudal Age
18:05 Horse Collar
18:15 Double-Bit Axe
19:44 Wheelbarrow
24:36 Castle Age
23:39 Padded Archer Armor
23:30 Fletching
24:12 Scale Barding Armor
25:27 Heavy Plow
25:47 Squires
28:49 Hand Cart
29:44 Pikeman
30:28 Gold Mining
30:28 Stone Mining
33:04 Crossbowman
33:49 Thumb Ring
35:54 Gold Shaft Mining
38:03 Husbandry
phet
0:52 Loom
10:00 Feudal Age
11:17 Wheelbarrow
13:48 Double-Bit Axe
19:56 Castle Age
18:29 Gold Mining
22:22 Hand Cart
26:50 Imperial Age
24:20 Horse Collar
25:23 Bow Saw
25:20 Stone Mining
25:28 Eagle Warrior
27:06 Padded Archer Armor
26:58 Fletching
28:09 Conscription
31:35 Chemistry
32:09 Treadmill Crane
34:33 Masonry
35:42 Ballistics
37:43 Elite Skirmisher
hoan
10:02 Feudal Age
8:42 Loom
12:24 Horse Collar
12:32 Double-Bit Axe
19:08 Castle Age
19:57 Crossbowman
21:19 Gold Mining
21:57 Stone Mining
24:03 Bow Saw
24:36 Pikeman
26:11 Fletching
26:23 Padded Archer Armor
27:16 Squires
27:02 Gambesons
30:45 Imperial Age
30:30 Elite Skirmisher
31:51 Conscription
33:59 Ballistics
33:20 Treadmill Crane
33:38 Bodkin Arrow
33:56 Forging
34:28 Caravan
35:44 Two-Man Saw
34:52 Heavy Plow
35:30 Gold Shaft Mining
34:48 Arson
36:59 Chemistry
36:38 Yeomen
37:07 Wheelbarrow
36:22 Town Watch
36:27 Capped Ram
37:53 Leather Archer Armor
38:44 Hand Cart
39:15 Arbalester
301301301
0:34 Loom
11:16 Feudal Age
15:26 Double-Bit Axe
15:24 Horse Collar
18:49 Castle Age
16:52 Arson
18:30 Scale Mail Armor
18:42 Forging
18:26 Town Watch
19:00 Stone Mining
20:18 Heavy Plow
20:56 Bow Saw
22:32 Stone Shaft Mining
23:22 Gold Mining
25:40 Padded Archer Armor
25:30 Fletching
27:11 Leather Archer Armor
27:56 Squires
28:41 Wheelbarrow
36:10 Imperial Age
33:59 Hand Cart
34:12 Husbandry
34:22 Bloodlines
34:50 Light Cavalry
37:41 Conscription
38:23 Great Wall
39:28 Heavy Rocket Cart
42:06 Chemistry
41:03 Murder Holes
41:30 Ballistics
Connection lost

Rejoining the realm…

Still unreachable

The connection could not be restored.

Session expired

The server has moved on; the page needs a fresh start.